Construct Section Command Post
Selects Air and Sea Battlegroup
Construct Field Infirmary
Construct Platoon Command Post
Selects Commando Section Paradrop
Commando Section Paradrop
Construct Company Command Post
Selects M1 Pack Howitzer Paradrop
6-pounder Anti-tank Gun Team
Selects Anti-tank Rocket Loiter
Unlock M3 Grant Medium Tanks
M1 Pack Howitzer Paradrop
Selects Centaur Medium Tank
Selects Naval Bombardment